 Dungeon Crawl Stone Soup version 0.30-a0-778-g2ef04afb54 (webtiles) character file.

Game seed: 12684764093320741409

52 Goldberg the Covered (level 4, -1/35 HPs)
             Began as a Human Fighter on Feb 16, 2023.
             Slain by a gnoll
             ... wielding a +0 spear
              (4 damage)
             ... on level 2 of the Dungeon.
             The game lasted 00:03:57 (571 turns).

Goldberg the Covered (Human Fighter)                 Turns: 571, Time: 00:03:58

Health: -1/35      AC:  6    Str: 19    XL:     4   Next: 8%
Magic:  4/4        EV:  9    Int:  8    God:
Gold:   33         SH:  4    Dex: 12    Spells: 3/3 levels left

rFire   . . .      SeeInvis .    h - +2 demon whip (venom)
rCold   . . .      Faith    .    c - +0 buckler
rNeg    . . .      Spirit   .    b - +0 scale mail
rPois   .          Reflect  .    (no helmet)
rElec   .          Harm     .    (no cloak)
rCorr   .          Rampage  .    (no gloves)
Will    .....                    (no boots) Stlth
                                 (no amulet)
HPRegen 0.25/turn                (no ring)
MPRegen 0.09/turn                (no ring)

@: no status effects
A: no striking features
a: no special abilities


You were on level 2 of the Dungeon.
You visited 1 branch of the dungeon, and saw 2 of its levels.

You collected 33 gold pieces.

Inventory:

Hand Weapons
 a - a +0 flail
 h - a +2 demon whip of venom (weapon)
Armour
 b - a +0 scale mail (worn)
 c - a +0 buckler (worn)
Scrolls
 f - a scroll of identify {unknown}
Potions
 d - a potion of might
 e - a potion of mutation {unknown}
 g - a potion of degeneration {unknown}


   Skills:
 + Level 3.1 Fighting
 * Level 3.2 Maces & Flails
 + Level 3.5 Armour
 + Level 0.1 Dodging
 + Level 3.1 Shields


You had 3 spell levels left.
You didn't know any spells.
Your spell library was empty.

Dungeon Overview and Level Annotations

Branches:
Dungeon (2/15)

Altars:


Message History

Your surroundings suddenly seem different. 4 gnolls come into view.
Found a green potion and a scroll labelled JUMEFAZ LODUNG.
The gnoll shouts! x3
The gnoll barely misses you. The gnoll hits you but does no damage.
You closely miss the gnoll. You block the gnoll's attack.
The gnoll hits you from afar with a +0 spear.
The gnoll misses you.
You closely miss the gnoll. The gnoll barely misses you.
You block the gnoll's attack. The gnoll hits you but does no damage.
The gnoll barely misses you.
You whack the gnoll!
You kill the gnoll!
The gnoll barely misses you. x2; The gnoll hits you with a +0 flail.
Your Maces & Flails skill increases to level 3!
You hit the gnoll.
The gnoll is poisoned.
The gnoll is moderately wounded.
You block the gnoll's attack. x2
The gnoll hits you from afar with a +0 spear.
You closely miss the gnoll.
The gnoll is moderately wounded.
The gnoll barely misses you. The gnoll hits you with a +0 flail.
The gnoll hits you from afar with a +0 halberd.
You whack the gnoll!
You kill the gnoll!
The gnoll closely misses you. The gnoll barely misses you.
You have reached level 4!
You feel stronger.
The gnoll hits you from afar with a +0 spear.
The gnoll hits you with a +0 halberd!
* * * LOW HITPOINT WARNING * * *
You hit the gnoll.
The gnoll is poisoned.
The gnoll is moderately wounded.
The gnoll hits you from afar with a +0 spear.
* * * LOW HITPOINT WARNING * * *
You block the gnoll's attack.
You hit the gnoll.
The gnoll looks as sick as possible!
The gnoll is severely wounded.
The gnoll hits you from afar with a +0 spear.
You die...

###########
#........?# #
#.........#
###.#.........#
#.....).......#
#).@g......
+..........
#.g........
+.....!....
#..........
...........
######..####
...


You could see 2 gnolls.

Vanquished Creatures
  2 gnolls (D:2)
  2 dart slugs (D:1)
  2 endoplasms (D:1)
  4 goblins (D:1)
  4 hobgoblins (D:1)
  4 kobolds (D:1)
  2 quokkas (D:1)
  A ball python (D:1)
  4 bats (D:1)
  3 rats
28 creatures vanquished.

Notes
Turn   | Place    | Note
-------+----------+-------------------------------------------
     0 | D:1      | Goldberg the Human Fighter began the quest for the Orb.
     0 | D:1      | Reached XP level 1. HP: 18/18 MP: 1/1
    90 | D:1      | Reached XP level 2. HP: 17/24 MP: 2/2
   208 | D:1      | Reached XP level 3. HP: 27/29 MP: 3/3
   569 | D:2      | Reached XP level 4. HP: 16/35 MP: 4/4
   571 | D:2      | Slain by a gnoll

Illustrated notes

Levels and vault maps discovered:
D:1:      roderic_dead_forest, layout_rooms
D:2:      layout_basic, basic_altar, serial_bayou_pond_e,
          uniq_crazy_yiuf_cottage

Skill      XL: |  1  2  3 |
---------------+----------+-----
Maces & Flails | 3 |  3.2
Fighting       | |  3.1
Armour         | |  3.5
Dodging        | |  0.1
Shields        | |  3.1

Action                     |  1- 3 |  4- 6 || total
---------------------------+-------+-------++-------
  Melee: Flail             |    85 |       ||    85
         Demon whip        |     7 |     2 ||     9
    Use: Scroll            |     4 |       ||     4
 Armour: Scale mail        |    64 |       ||    64
  Dodge: Dodged            |    55 |       ||    55
  Block: Buckler           |    24 |     1 ||    25

Table legend: (Time is in decaauts)
 A = Elapsed time spent in this place.
 B = Non-inter-level travel time spent in this place.
 C = Inter-level travel time spent in this place.
 D = Time resting spent in this place.
 E = Time spent auto-exploring this place.
 F = Levels seen in this place.
 G = Mean time per level.
                   A        B        C        D        E       F      G
               +--------+--------+--------+--------+--------+-----+--------+
         Total |    597 |    597 |      0 |     27 |    333 |   2 |  298.5 |
       Dungeon |    597 |    597 |      0 |     27 |    333 |   2 |  298.5 |
               +--------+--------+--------+--------+--------+-----+--------+

Top non-repeatable levels by time:
     D:1: 521 daAuts
     D:2: 76 daAuts
